 Dungeon Crawl Stone Soup version 0.21.0-3-g78d12a8bdd (webtiles) character file.

95 KamiKatze the Skirmisher (level 4, -1/24 HPs)
             Began as a Vine Stalker Fighter on Jan 9, 2018.
             Killed from afar by a dart slug (6 damage)
             ... with a slug dart
             ... on level 3 of the Dungeon.
             The game lasted 00:05:29 (1784 turns).

KamiKatze the Skirmisher (Vine Stalker Fighter)     Turns: 1784, Time: 00:05:30

Health: -1/24      AC:  6    Str: 19    XL:     4   Next: 66%
Magic:  0/5        EV:  7    Int:  8    God:
Gold:   102        SH:  9    Dex: 14    Spells: 3/3 levels left

rFire    . . .     SeeInvis .   a - +0 rapier
rCold    . . .     Gourm    .   c - +0 shield
rNeg     . . .     Faith    .   b - +0 scale mail
rPois    .         Spirit   +   (no helmet)
rElec    .         Reflect  .   (no cloak)
rCorr    .         Harm     .   (no gloves)
MR       .....                  (no boots)
Stlth    ..........             (no amulet)
HPRegen  0.48/turn              (no ring)
MPRegen  0.09/turn              (no ring)

@: no status effects
A: fangs 2, regeneration 1, magic shield, antimagic bite, no potion heal 3, rot
immunity
a: no special abilities


You were on level 3 of the Dungeon.
You were not hungry.

You visited 1 branch of the dungeon, and saw 3 of its levels.

You collected 102 gold pieces.

Inventory:

Hand Weapons
 a - a +0 rapier (weapon)
Missiles
 e - 68 stones (quivered)
Armour
 b - a +0 scale mail (worn)
 c - a +0 shield (worn)
Scrolls
 i - 3 scrolls of teleportation
 j - a scroll of remove curse {unknown}
 l - a scroll of magic mapping {unknown}
 n - a scroll of immolation {unknown}
 o - 2 scrolls of fear {unknown}
Potions
 g - a potion of lignification {unknown}
 h - 2 potions of curing
Comestibles
 d - 5 chunks of flesh
 f - 2 rations


   Skills:
 + Level 3.2 Fighting
 * Level 2.8 Short Blades
 * Level 3.1 Armour
 + Level 3.1 Shields


You had 3 spell levels left.
You didn't know any spells.

Dungeon Overview and Level Annotations

Branches:
Dungeon (3/15)

Altars:


Innate Abilities, Weirdness & Mutations

You have extremely sharp teeth.
Your natural rate of healing is unusually fast.
When hurt, damage is shared between your health and your magic reserves.
Your bite disrupts and absorbs the magic of your enemies.
Potions cannot restore your health.
You are immune to rotting.


Message History

An ogre and a dart slug come into view.
The ogre shouts!
The ogre moves out of view.
Found 15 gold pieces.
A dart slug is nearby!
Found 18 arrows.
There is an open door here.
You hit the ogre. You bite the ogre. You drain its power.
The ogre is moderately wounded.
The ogre hits you with a giant club!!
Ouch! That really hurt!
* * * LOW HITPOINT WARNING * * *
You are too injured to fight recklessly!
You are too injured to fight recklessly!
The dart slug launches a dart at you. The slug dart misses you.
There is an open door here.
The dart slug launches a dart at you. The slug dart hits you!
You die...

...# #..........#
...####..........#
.................#
#............>...#
#........#######.#
#........# #.#
#<.......# #.#
#........# #.#
#........# #@#
########## #.#
##### #.#
......#w#####
(......O....#
............#
............#
............#
............#


You could see an ogre and a dart slug.

Vanquished Creatures
  2 worker ants (D:2)
  2 worms (D:2)
  A dart slug (D:2)
  A leopard gecko (D:1)
  6 bats
  3 hobgoblins
  4 jackals (D:2)
  8 kobolds
  A quokka (D:2)
  2 frilled lizards
  5 goblins
  8 rats
43 creatures vanquished.

Notes
Turn   | Place    | Note
-------+----------+-------------------------------------------
     0 | D:1      | KamiKatze the Vine Stalker Fighter began the quest for the Orb.
     0 | D:1      | Reached XP level 1. HP: 11/11 MP: 2/2
   128 | D:1      | Reached XP level 2. HP: 12/16 MP: 3/3
   874 | D:2      | Reached XP level 3. HP: 11/19 MP: 2/4
   969 | D:2      | HP: 1/20 [poisoned by a worker ant]
  1365 | D:2      | Gained mutation: Your natural rate of healing is unusually fast. [Vine Stalker growth]
  1365 | D:2      | Reached XP level 4. HP: 17/24 MP: 3/5
  1671 | D:2      | Found a faded altar of an unknown god.
  1777 | D:3      | Noticed an ogre
  1784 | D:3      | Killed from afar by a dart slug

Skill      XL: |  1  2  3 |
---------------+----------+-----
Short Blades   | 2 |  2.8
Fighting       | 3 |  3.2
Armour         | 3 |  3.1
Shields        | 3 |  3.1

Action                   |  1- 3 |  4- 6 || total
-------------------------+-------+-------++-------
Melee: Rapier            |    86 |    51 ||   137
       Bite              |    21 |    17 ||    38
  Use: Scroll            |     2 |     1 ||     3
       Potion            |     2 |       ||     2
  Eat: Chunk             |     1 |     2 ||     3
Armor: Scale mail        |    33 |    15 ||    48
Dodge: Dodged            |    21 |    16 ||    37
Block: Shield            |    46 |    34 ||    80
